 Dungeon Crawl Stone Soup version 0.29.1-2-gbd0b4ee654 (webtiles) character file.

Game seed: 6525729120638604161

44 MajorAdolf the Sneak (level 3, -3/32 HPs)
             Began as a Naga Wanderer on Nov 10, 2022.
             Slain by a gnoll
             ... wielding a +0 whip
              (6 damage)
             ... on level 2 of the Dungeon.
             The game lasted 00:03:53 (1596 turns).

MajorAdolf the Sneak (Naga Wanderer)                Turns: 1596, Time: 00:03:54

Health: -3/32      AC:  3    Str: 18    XL:     3   Next: 60%
Magic:  4/4        EV:  9    Int: 19    God:
Gold:   67         SH:  0    Dex:  7    Spells: 0/4 levels left

rFire   . . .      SeeInvis +   a - +3 dagger
rCold   . . .      Faith    .   (no shield)
rNeg    . . .      Spirit   .   d - +0 leather armour
rPois   +          Reflect  .   (no helmet)
rElec   .          Harm     .   l - +0 cloak
rCorr   .          Rampage  .   (no gloves)
Will    .....                   (no barding)
Stlth   ++........              (no amulet)
HPRegen 0.10/turn               f - +6 ring of intelligence
MPRegen 0.09/turn               (no ring)

@: very slow
A: AC +1, large, see invisible, deformed body, poison resistance, slowness 2,
spit poison 1, naga tail 1
a: Spit Poison


You were on level 2 of the Dungeon.
You visited 1 branch of the dungeon, and saw 2 of its levels.

You collected 67 gold pieces.

Inventory:

Hand Weapons
 a - a +3 dagger (weapon)
Missiles
 b - 3 curare-tipped darts (quivered)
 p - 5 atropa-tipped darts
Armour
 d - a +0 leather armour (worn)
 l - a +0 cloak (worn)
Jewellery
 f - a +6 ring of intelligence (left hand)
 k - a +6 ring of dexterity
Scrolls
 c - 2 scrolls of fear
 g - a scroll of butterflies {unknown}
 n - a scroll of amnesia {unknown}
Potions
 e - a potion of attraction {unknown}
 h - a potion of lignification {unknown}
 i - a potion of resistance {unknown}
 j - a potion of curing {unknown}
 m - a potion of flight {unknown}
 o - a potion of cancellation {unknown}


   Skills:
 + Level 2.2 Fighting
 - Level 3.6 Throwing
 - Level 1.5 Armour
 + Level 4.8 Stealth
 - Level 1.0 Spellcasting
 - Level 1.0 Hexes


You couldn't memorise any spells.
You knew the following spells:

 Your Spells              Type           Power      Damage    Failure   Level
a - Slow                  Hex            16%        N/A       14%         1
b - Summon Guardian Gole  Hex/Summ       2%         N/A       47%         3

Your spell library contained the following spells:

 Spells                   Type           Power      Damage    Failure   Level
 Sting                    Tmut/Pois      0%         1d3       22%         1
 Passwall                 Tmut/Erth      0%         N/A       32%         2
 Ice Form                 Ice/Tmut       0%         N/A       91%         4
 Alistair's Intoxication  Tmut/Pois      0%         N/A       99%         5
 Starburst                Conj/Fire      0%         6d3       100%        6


Dungeon Overview and Level Annotations

Branches:
Dungeon (2/15)

Altars:

Shops:
D:1 (


Innate Abilities, Weirdness & Mutations

Your serpentine skin is tough. (AC +1)
You have supernaturally acute eyesight. (SInv)
Armour fits poorly on your strangely shaped body.
Your system is resistant to poisons. (rPois)
You cover ground very slowly.
You can spit poison.
You have a snake-like lower body.


Message History

No target in view!
A giant cockroach comes into view.
You barely miss the giant cockroach. The giant cockroach closely misses you.
You hit the giant cockroach. You punch the giant cockroach.
You kill the giant cockroach!
No target in view!
You pick up the Essays on Conflagrant Moulding and begin reading...
You add the spells Sting, Passwall, Ice Form, Alistair's Intoxication and Starburst to your library.
This spell is extremely dangerous to cast!
Memorise Summon Guardian Golem, consuming 3 spell levels and leaving 0?
You start memorising the spell.
You continue memorising. x3
You finish memorising.
Spell assigned to 'b'.
Unknown command.
Okay, then.
Casting: Slow (safe; 14% risk of failure)
Confirm with . or Enter, or press ? or * to list all spells.
Okay, then.
Okay, then.
A gnoll comes into view. It is wielding a +0 whip.
A gnoll is nearby! 2 gnolls come into view.
The gnoll shouts!
Aiming: Spit Poison (2% risk of failure)
Press: ? - help, Shift-Dir - straight line, f - gnoll
Aim: a gnoll, wielding a +0 halberd (65% to hit)
The splash of poison hits the gnoll.
The gnoll is lightly wounded.
Unknown command.
You can't do that yet.
Unknown command.
The gnoll attacks as you move away! The gnoll hits you with a +0 whip!
You have got your breath back.
The gnoll hits you with a +0 whip.
The gnoll hits you from afar with a +0 halberd!
* * * LOW HITPOINT WARNING * * *
Okay, then.
The gnoll hits you from afar with a +0 halberd.
* * * LOW HITPOINT WARNING * * *
The gnoll hits you with a +0 whip.
You die...

#...†......
#...#######
#.g.#.. #...#.#
#...#.######.
###.#........
#g#..#####
#g#.(..>.#
#.@......#
####.#..#..#
#†#.....
#.#.##.#########
#.#.# #........
#.#.. #.#######
#.######.#
#.††.....#
########.#


You could see 3 gnolls.

Vanquished Creatures
  An adder (D:2)
  A dart slug (D:2)
  7 ball pythons
  2 endoplasms (D:1)
  A giant cockroach (D:2)
  5 goblins
  3 hobgoblins (D:1)
  5 kobolds (D:1)
  A quokka (D:2)
  2 frilled lizards (D:1)
  3 rats
31 creatures vanquished.

Notes
Turn   | Place    | Note
-------+----------+-------------------------------------------
     0 | D:1      | MajorAdolf the Naga Wanderer began the quest for the Orb.
     0 | D:1      | MajorAdolf set off with the following items: a +3 dagger, 3
                  | curare-tipped darts, a scroll of fear, a +0 leather armour;
                  | and the following spell memorised: Slow; and the following
                  | spells available to memorise: Summon Guardian Golem.
     0 | D:1      | Reached XP level 1. HP: 19/19 MP: 2/2
    12 | D:1      | Found a faded altar of an unknown god.
   111 | D:1      | Reached skill level 1 in Stealth
   191 | D:1      | Found Xoguitol's Antique Weapon Shop.
   206 | D:1      | Reached skill level 2 in Stealth
   227 | D:1      | Reached XP level 2. HP: 26/26 MP: 3/3
   236 | D:1      | Reached skill level 3 in Stealth
   740 | D:1      | Reached skill level 4 in Stealth
  1009 | D:2      | Reached XP level 3. HP: 32/32 MP: 4/4
  1578 | D:2      | Got the Essays on Conflagrant Moulding
  1583 | D:2      | Learned a level 3 spell: Summon Guardian Golem
  1596 | D:2      | Slain by a gnoll

Illustrated notes

Levels and vault maps discovered:
D:1:      saegor_arrival_fortress, layout_rooms, serial_shops,
          nicolae_shop_temple_entry_statues_fountains,
          ebering_ecumenical_altar_mist
D:2:      layout_basic

Skill      XL: |  1  2 |
---------------+-------+-----
Stealth        | 2 4 |  4.8
Fighting       | |  2.2
Throwing       | |  3.6
Armour         | |  1.5
Spellcasting   | |  1.0
Hexes          | |  1.0

Action                   || total
-------------------------++-------
Melee: Dagger            ||    45
       Punch             ||     1
 Abil: Spit Poison       ||    26
 Stab: Sleeping          ||     1
Armor: Leather armour    ||     6
Dodge: Dodged            ||    28
